 Dungeon Crawl Stone Soup version 0.24.0-1-gfbc8707122 (webtiles) character file.

Game seed: 3241647292936222646, levelgen mode: deterministic

25 Nivan the Conjurer (level 2, -3/20 HPs)
             Began as a Draconian Conjurer on Oct 28, 2019.
             Slain by a gnoll
             ... wielding a +0 spear
              (4 damage)
             ... on level 2 of the Dungeon.
             The game lasted 00:03:59 (1057 turns).

Nivan the Conjurer (Draconian Conjurer)             Turns: 1057, Time: 00:03:59

Health: -3/20      AC:  6    Str: 10    XL:     2   Next: 86%
Magic:  0/5        EV: 12    Int: 20    God:
Gold:   100        SH:  0    Dex: 11    Spells: 4/5 levels left

rFire    . . .     SeeInvis .   (no weapon)
rCold    . . .     Gourm    .   (no shield)
rNeg     . . .     Faith    .   (armour unavailable)
rPois    .         Spirit   .   (helmet restricted)
rElec    .         Reflect  .   (no cloak)
rCorr    .         Harm     .   (no gloves)
MR       .....                  (no boots)
Stlth    ++........             (no amulet)
HPRegen  0.06/turn              j - +2 ring of protection
MPRegen  0.09/turn              m - +5 ring of intelligence

@: no status effects
A: unfitting armour, cold-blooded, AC +4
a: no special abilities


You were on level 2 of the Dungeon.
You were not hungry.

You visited 1 branch of the dungeon, and saw 2 of its levels.

You collected 100 gold pieces.

Inventory:

Jewellery
 j - a +2 ring of protection (left hand)
 m - a +5 ring of intelligence (right hand)
Scrolls
 d - 4 scrolls of identify {unknown}
 e - a scroll of immolation {unknown}
 h - a scroll of remove curse {unknown}
Potions
 a - 3 potions of heal wounds {unknown}
 c - a potion of brilliance {unknown}
 f - a potion of berserk rage {unknown}
 g - a potion of cancellation {unknown}
 i - a potion of haste {unknown}
 l - a potion of lignification {unknown}
 n - a potion of invisibility {unknown}
Comestibles
 b - 2 rations


   Skills:
 + Level 1.8 Dodging
 * Level 1.9 Stealth
 + Level 2.1 Spellcasting
 + Level 4.7 Conjurations


You had 4 spell levels left.
You knew the following spells:

 Your Spells              Type           Power        Failure   Level  Hunger
a - Magic Dart            Conj           ###.         2%          1    #......

Your spell library contained the following spells:

 Spells                   Type           Power        Failure   Level  Hunger
 Searing Ray              Conj           ###...       3%          2    ##.....
 Dazzling Spray           Conj/Hex       ##....       19%         3    ###....
 Iskenderun's Mystic Bla  Conj           ###.....     22%         4    #####..
 Force Lance              Conj/Tloc      ##......     52%         4    #####..
 Fulminant Prism          Conj/Hex       ##........   52%         4    #####..


Dungeon Overview and Level Annotations

Branches:
Dungeon (2/15)

Altars:
Ashenzari
Zin

Annotations:
D:2 1 runed translucent door, Crazy Yiuf


Innate Abilities, Weirdness & Mutations

Your plain brown scales are hard. (AC +4)
You cannot fit into any form of body armour.
You are cold-blooded and may be slowed by cold attacks.


Message History

Confirm with . or Enter, or press ? or * to list all spells.
Aiming: Magic Dart (safe; 2% risk of failure)
Press: ? - help, Shift-Dir - straight line, f/p - gnoll
Aim: a gnoll, wielding a +0 spear (severely wounded)
The magic dart hits the gnoll but does no damage.
The gnoll is severely wounded.
The gnoll hits you but does no damage. The gnoll hits you with a +0 spear.
You closely miss the gnoll.
The gnoll is severely wounded.
The gnoll hits you with a +0 spear.
* * * LOW HITPOINT WARNING * * *
You barely miss the gnoll.
The gnoll is severely wounded.
The gnoll hits you with a +0 spear.
* * * LOW HITPOINT WARNING * * *
You hit the gnoll.
The gnoll is almost dead.
The gnoll hits you with a +0 spear.
You die...

#)..### ##.#......###.#.#....#
### ####.............####
#.....###.#.#.....
#####.#...†.#..### # ## ###
#.#.#.###..# # ..#.##.#
#...#.#....# # .......##
#.###.###.## #
........############.........####
...g....'......g@..'......#.###..
........############......#.###..
...###### #............. .#
#............. #.............
#.........#### #......#+## #
#.....[#.# # #......#.# #


You could see a gnoll.

Vanquished Creatures
  An adder (D:2)
  A giant cockroach (D:1)
  3 goblins
  4 hobgoblins
  A quokka (D:2)
  A bat (D:2)
  2 kobolds
  2 rats (D:1)
15 creatures vanquished.

Notes
Turn   | Place    | Note
-------+----------+-------------------------------------------
     0 | D:1      | Nivan the Draconian Conjurer began the quest for the Orb.
     0 | D:1      | Reached XP level 1. HP: 14/14 MP: 3/3
   722 | D:1      | Reached XP level 2. HP: 14/20 MP: 1/5
   829 | D:2      | Found a shattered altar of Ashenzari.
   856 | D:2      | Found a glowing silver altar of Zin.
  1001 | D:2      | Found a runed translucent door.
  1002 | D:2      | Noticed Crazy Yiuf
  1056 | D:2      | HP: 1/20 [gnoll/+0 spear (4)]
  1057 | D:2      | Slain by a gnoll

Levels and vault maps discovered:
D:1:      lemuel_arrival_muddy, layout_loops_ring, chequers_jeans
D:2:      layout_basic, nicolae_overflow_crystal_walls,
          nicolae_ashenzari_panopticon, zin_scriptorium, minmay_misc_feat_roman,
          grunt_decor_cap, kennysheep_nub, minivault_14, uniq_robin,
          uniq_terence, uniq_crazy_yiuf_cottage

Action                   || total
-------------------------++-------
Melee: Unarmed           ||    22
       Tailslap          ||     3
 Cast: Magic Dart        ||    39
  Eat: Chunk             ||     1
Armor: Skin              ||     3
Dodge: Dodged            ||    17
